 Dungeon Crawl Stone Soup version 0.30-b1-2-g02819fbbbe (webtiles) character file.

Game seed: 11520945588671210037

851 asdfasdf the Cleaver (level 8, -1/69 HPs)
             Began as a Hill Orc Fighter on May 3, 2023.
             Slain by Maggie
             ... wielding a +0 war axe of flaming
              (5 damage)
             ... on level 6 of the Dungeon.
             The game lasted 00:07:06 (4270 turns).

asdfasdf the Cleaver (Hill Orc Fighter)             Turns: 4270, Time: 00:07:06

Health: -1/69      AC: 12    Str: 21    XL:     8   Next: 1%
Magic:  8/8        EV:  6    Int:  8    God:
Gold:   224        SH:  4    Dex: 10    Spells: 7/7 levels left

rFire   . . .        a - +0 war axe (elec)
rCold   . . .        c - +0 buckler
rNeg    . . .        k - +0 plate armour
rPois   .            (no helmet)
rElec   .            (no cloak)
rCorr   .            (no gloves)
SInv    .            (no boots)
Will    .....        (no amulet) Stlth
                     (no ring)
HPRegen 0.31/turn    (no ring)
MPRegen 0.11/turn

%: no passive effects
@: mesmerised
A: no striking features
a: no special abilities


You were on level 6 of the Dungeon.
You visited 1 branch of the dungeon, and saw 6 of its levels.
You also visited: Ossuary.

You collected 224 gold pieces.

Inventory:

Hand Weapons
 a - a +0 war axe of electrocution (weapon)
Armour
 c - a +0 buckler (worn)
 k - a +0 plate armour (worn)
Jewellery
 g - a ring of fire
 m - a ring of poison resistance
 o - a ring of wizardry
Scrolls
 e - a scroll of noise
 f - 4 scrolls of identify
 h - a scroll of amnesia {unknown}
 i - 6 scrolls of teleportation
 p - a scroll of magic mapping
 r - a scroll of fog
Potions
 b - a potion of berserk rage {unknown}
 d - 3 potions of might
 j - a potion of heal wounds {unknown}
 l - a potion of haste {unknown}
 n - 2 potions of mutation {unknown}
 t - 4 potions of curing {unknown}


   Skills:
 + Level 5.4 Fighting
 + Level 9.3 Axes
 + Level 5.1 Armour
 + Level 0.1 Dodging
 + Level 4.0 Shields


You had 7 spell levels left.
You didn't know any spells.
Your spell library contained the following spells:

 Spells                   Type           Power      Damage    Failure   Level
 Sandblast                Erth           0%         2d4       100%        1
 Summon Small Mammal      Summ           0%         N/A       100%        1
 Passwall                 Tmut/Erth      0%         N/A       100%        2
 Call Canine Familiar     Summ           0%         N/A       100%        3
 Stone Arrow              Conj/Erth      0%         3d7       100%        3
 Summon Guardian Golem    Hex/Summ       0%         N/A       100%        3


Dungeon Overview and Level Annotations

Branches:
Dungeon (6/15)            Ossuary (visited)
 Temple: D:4-7

Altars:
Dithmenos
Fedhas
Uskayaw

Annotations:
D:6 Maggie


Message History

a +0 club; a kobold corpse
Things that are here:
a +0 short sword; 8 poisoned darts; a +0 dagger Maggie the Vainglorious comes into view.
She is wielding a +0 war axe of flaming and carrying a wand of polymorph (12).
Maggie shouts!
You start waiting.
Maggie is nearby!
Maggie gestures wildly while chanting.
Maggie attempts to bespell you!
You easily resist.
You hit Maggie.
Maggie is lightly wounded.
Maggie shouts, "Leave me alone!"
Maggie hits you with a +0 war axe of flaming.
Maggie burns you.
You slash Maggie!
Maggie is moderately wounded.
Maggie hits you with a +0 war axe of flaming!
Maggie burns you.
You completely miss Maggie.
Maggie is moderately wounded.
Maggie gestures at you while chanting. The bolt of fire hits you!!
* * * LOW HITPOINT WARNING * * *
You hit Maggie.
Maggie is moderately wounded.
Maggie mumbles some strange words.
Maggie attempts to bespell you!
You are mesmerised by Maggie!
You hit Maggie.
Maggie is moderately wounded.
Maggie hits you with a +0 war axe of flaming.
* * * LOW HITPOINT WARNING * * *
Maggie burns you.
* * * LOW HITPOINT WARNING * * *
You barely miss Maggie.
Maggie is moderately wounded.
Maggie hits you with a +0 war axe of flaming!
* * * LOW HITPOINT WARNING * * *
Maggie burns you.
You die...

....# ....# ###### ....#
#.)..########### ....#
#.........##...# ....#
#..............# ....#
#..............##....###
#.....)).......@@......#
#######................#
#....##...##...........#
#....##...##############
#.........# #.........#
#.........# #.........+
#.......<.#


You could see Maggie (mesmerising).

Vanquished Creatures
  An ogre (D:5)
  2 phantoms
  2 elf zombies (Ossuary)
  A kobold brigand (D:6)
  2 scorpions
  4 human zombies (Ossuary)
  2 mummies (Ossuary)
  3 gnolls (D:5)
  2 adders (D:4)
  3 adder zombies (Ossuary)
  3 worms
  5 bats
  4 endoplasms
  2 giant cockroaches
  4 goblins
  7 hobgoblins
  3 quokkas
  6 ball pythons
  A frilled lizard (D:2)
  13 hobgoblin zombies (Ossuary)
  2 jackal zombies (Ossuary)
  10 kobolds
  7 kobold zombies (Ossuary)
  5 orc zombies (Ossuary)
  26 rats
  A rat zombie (Ossuary)
121 creatures vanquished.

Vanquished Creatures (others)
  2 plants (D:6)
2 creatures vanquished.

Grand Total: 123 creatures vanquished

Notes
Turn   | Place    | Note
-------+----------+-------------------------------------------
     0 | D:1      | asdfasdf the Hill Orc Fighter began the quest for the Orb.
     0 | D:1      | Reached XP level 1. HP: 19/19 MP: 1/1
   218 | D:1      | Reached XP level 2. HP: 27/27 MP: 2/2
   229 | D:1      | Reached skill level 3 in Axes
   783 | D:2      | Reached XP level 3. HP: 33/33 MP: 3/3
   956 | D:2      | Found a hide-covered altar of Uskayaw.
   999 | D:2      | Reached skill level 4 in Axes
  1706 | D:3      | Noticed a scorpion
  1717 | D:3      | Killed a scorpion
  1718 | D:3      | Reached skill level 5 in Axes
  1718 | D:3      | Reached XP level 4. HP: 19/40 MP: 4/4
  1824 | D:3      | Reached XP level 5. HP: 42/46 MP: 5/5
  2369 | D:4      | Found a sand-covered staircase.
  2374 | Ossuary  | Entered an ossuary
  2538 | Ossuary  | Reached skill level 6 in Axes
  2538 | Ossuary  | Reached XP level 6. HP: 45/53 MP: 6/6
  2785 | Ossuary  | Reached skill level 7 in Axes
  2809 | Ossuary  | Reached skill level 5 in Fighting
  2819 | Ossuary  | Reached XP level 7. HP: 51/61 MP: 7/7
  3215 | D:4      | Reached skill level 8 in Axes
  3438 | D:5      | Entered Level 5 of the Dungeon
  3664 | D:5      | Found a shadowy altar of Dithmenos.
  3897 | D:5      | Found a blossoming altar of Fedhas.
  4145 | D:5      | Reached skill level 9 in Axes
  4145 | D:5      | Reached skill level 5 in Armour
  4240 | D:6      | Reached XP level 8. HP: 69/69 MP: 8/8
  4258 | D:6      | Noticed Maggie
  4270 | D:6      | Slain by Maggie

Illustrated notes

Levels and vault maps discovered:
D:1:      dpeg_arrival_boxorama, layout_rooms, minivault_26
D:2:      layout_basic, basic_altar
D:3:      layout_loops_ring, minmay_rat_hole
D:4:      layout_basic, enter_ossuary_2
D:5:      cheibrodos_iron_armory, layout_basic, nicolae_dithmenos_the_darkroom,
          fedhas_ov_isle_minmay
D:6:      layout_gridville, chequers_big_river, uniq_maggie

Skill      XL: |  1  2  3  4  5  6  7 |
---------------+----------------------+-----
Axes           | 3 5 6 7 9 |  9.3
Fighting       | 4 5 |  5.4
Armour         | 4 5 |  5.1
Shields        | 4 |  4.0
Dodging        | |  0.1

Action                     |  1- 3 |  4- 6 |  7- 9 || total
---------------------------+-------+-------+-------++-------
  Melee: War axe           |   152 |   186 |    54 ||   392
    Use: Scroll            |       |       |     8 ||     8
 Armour: Scale mail        |    28 |       |       ||    28
         Plate armour      |    60 |    88 |    21 ||   169
  Dodge: Dodged            |    43 |    30 |     9 ||    82
  Block: Buckler           |    40 |    19 |     7 ||    66
